 Dungeon Crawl Stone Soup version 0.25-a0-576-g50b708a4c4 (webtiles) character file.

Game seed: 3876091675189564979, levelgen mode: classic

2564 EnegeticOcto the Chopper (level 9, -2/85 HPs)
             Began as a Deep Dwarf Fighter on Mar 1, 2020.
             Was an Initiate of Makhleb.
             Killed from afar by an electric eel (6 damage)
             ... with a bolt of electricity
             ... on level 8 of the Dungeon.
             The game lasted 00:02:57 (3089 turns).

EnegeticOcto the Chopper (Deep Dwarf Fighter)       Turns: 3089, Time: 00:02:58

Health: -2/85      AC: 15    Str: 23    XL:     9   Next: 31%
Magic:  4/4        EV:  9    Int:  9    God:    Makhleb [......]
Gold:   195        SH: 12    Dex: 22    Spells: 8/8 levels left

rFire    . . .     SeeInvis +   a - +0 war axe
rCold    x . .     Gourm    .   c - +0 kite shield
rNeg     . . .     Faith    .   j - +0 chain mail
rPois    .         Spirit   .   i - +1 helmet "Gedaodeti" {+Inv rC- Dex+10 SInv}
rElec    .         Reflect  .   (no cloak)
rCorr    .         Harm     .   (no gloves)
MR       +....                  r - +2 pair of boots
Stlth    ..........             (no amulet)
HPRegen  0.00/turn              s - ring of attention (curse)
MPRegen  0.09/turn              (no ring)

@: non-regenerating
A: damage resistance, heal wounds, sense surroundings 2, no regeneration
a: Heal Wounds, Renounce Religion, Evoke Invisibility


You were on level 8 of the Dungeon.
You worshipped Makhleb.
Makhleb was noncommittal.
You were not hungry.

You visited 2 branches of the dungeon, and saw 9 of its levels.

You collected 195 gold pieces.

Inventory:

Hand Weapons
 a - a +0 war axe (weapon)
Missiles
 q - a throwing net (quivered)
Armour
 c - a +0 kite shield (worn)
 i - the +1 helmet "Gedaodeti" (worn) {+Inv rC- Dex+10 SInv}
   (You took it off Robin on level 3 of the Dungeon)

   It affects your dexterity (+10).
   It makes you vulnerable to cold.
   It lets you see invisible.
   It lets you turn invisible.
   If you remove this armour, your AC will decrease by 2 (15 -> 13).
 j - a +0 chain mail (worn)
 r - a +2 pair of boots (worn)
Jewellery
 s - a cursed ring of attention (left hand)
Wands
 m - a wand of flame (52)
Scrolls
 b - a scroll of immolation {@r4}
 t - a scroll of enchant weapon {unknown}
 u - a scroll of teleportation {unknown}
 w - a scroll of blinking {@r3}
 x - a scroll of noise {unknown}
Potions
 d - 2 potions of curing {@q1}
 f - 2 potions of mutation {unknown}
 g - a potion of magic
 h - 2 potions of brilliance {unknown}
 k - 3 potions of might {@q3}
 l - 2 potions of flight {unknown}
 n - 2 potions of invisibility {unknown}
 p - a potion of ambrosia {unknown}
 v - 2 potions of heal wounds {@q2}
 z - a potion of berserk rage {unknown}
Comestibles
 e - 9 rations
 o - 2 chunks of flesh


   Skills:
 * Level 6.8 Fighting
 * Level 7.9 Axes
 + Level 6.2 Armour
 - Level 4.4 Dodging
 + Level 6.2 Shields
 * Level 1.0 Invocations


You had 8 spell levels left.
You didn't know any spells.
Your spell library was empty.

Dungeon Overview and Level Annotations

Branches:
Dungeon (8/15)             Temple (1/1) D:7
   Lair: D:8-11

Altars:
Cheibriados
Elyvilon
Gozag
Hepliaklqana
Makhleb
Nemelex Xobeh
Okawaru
Qazlal
Ru
Sif Muna
Trog
Uskayaw
Vehumet
Wu Jian
Xom
Yredelemnul
Zin


Innate Abilities, Weirdness & Mutations

You are resistant to damage.
You can heal yourself by infusing magical energy.
You passively map the area around you.
You do not regenerate.


Message History

The bullfrog is heavily wounded.
You hit the ice beast. You hit the hippogriff. You closely miss the scorpion.
You closely miss the hippogriff. You barely miss the electric eel.
You block the bullfrog's attack. You block the hippogriff's attack.
The hippogriff pecks you but does no damage.
You block the hippogriff's attack. The hippogriff bites you.
The hippogriff pecks you. The hippogriff claws you.
The bullfrog hits you but does no damage.
The scorpion closely misses you. You block the ice beast's attack.
The hippogriff bites you! You block the hippogriff's attack.
The hippogriff claws you but does no damage.
You slash the bullfrog!
The bullfrog is almost dead.
You closely miss the ice beast. You hit the hippogriff. You hit the scorpion.
You hit the hippogriff. You slash the electric eel! The bullfrog hits you.
The hippogriff bites you. The hippogriff pecks you.
You block the hippogriff's attack.
The scorpion stings you but does no damage.
You block the ice beast's attack.
The hippogriff bites you but does no damage.
The hippogriff pecks you.
The hippogriff claws you but does no damage.
The bullfrog hits you but does no damage.
The hippogriff closely misses you.
The hippogriff pecks you but does no damage.
The hippogriff claws you but does no damage.
You hit the bullfrog.
You kill the bullfrog!
Makhleb accepts your kill.
Your Invocations skill increases to level 1!
Your shield and chain mail prevent you from hitting the electric eel.
You barely miss the hippogriff. You completely miss the scorpion.
You hit the hippogriff but do no damage.
You closely miss the ice beast.
The scorpion stings you but does no damage.
You block the ice beast's attack. The hippogriff bites you.
You block the hippogriff's attack. The hippogriff closely misses you.
You block the hippogriff's attack. x2; The hippogriff barely misses you.
The electric eel shoots out a bolt of lightning at you!
The bolt of electricity hits you!
You hit the electric eel.
The electric eel is almost dead.
You slash the ice beast! You slash the hippogriff! You hit the scorpion.
You slash the hippogriff! You block the scorpion's attack.
The ice beast hits you. The ice beast freezes you!
You feel a terrible chill!
The hippogriff bites you but does no damage.
The hippogriff completely misses you.
The hippogriff claws you but does no damage.
The hippogriff bites you but does no damage.
The hippogriff pecks you but does no damage.
You block the hippogriff's attack.
The scorpion stings you but does no damage.
You hit the scorpion but do no damage.
The scorpion is severely wounded.
You hit the hippogriff. You closely miss the electric eel.
You barely miss the ice beast. You hit the hippogriff. The ice beast hits you.
The ice beast freezes you!
You feel a terrible chill!
* * * LOW HITPOINT WARNING * * *
The hippogriff bites you but does no damage.
You block the hippogriff's attack.
The hippogriff claws you but does no damage.
The electric eel shoots out a bolt of lightning at you!
The bolt of electricity hits you!
* * * LOW HITPOINT WARNING * * *
The electric eel shoots out a bolt of lightning at you!
The bolt of electricity hits you!
* * * LOW HITPOINT WARNING * * *
The hippogriff barely misses you. The hippogriff pecks you.
You block the hippogriff's attack. You block the scorpion's attack.
The ice beast closely misses you.
You are too injured to fight recklessly!
You are too injured to fight recklessly!
You are too injured to fight recklessly!
You are too injured to fight recklessly!
You are too injured to fight recklessly!
You are too injured to fight recklessly!
You are too injured to fight recklessly!
You are too injured to fight recklessly!
You are too injured to fight recklessly!
You are too injured to fight recklessly!
You are too injured to fight recklessly!
You are too injured to fight recklessly!
You are too injured to fight recklessly!
You are too injured to fight recklessly!
You are too injured to fight recklessly!
You are too injured to fight recklessly!
You are too injured to fight recklessly!
You are too injured to fight recklessly!
You are too injured to fight recklessly!
You are too injured to fight recklessly!
Unknown command.
You closely miss the electric eel.
The electric eel is severely wounded.
You closely miss the ice beast. You slash the hippogriff!
You hit the scorpion but do no damage. You barely miss the hippogriff.
The hippogriff barely misses you. You block the hippogriff's attack.
The hippogriff barely misses you.
The electric eel shoots out a bolt of lightning at you!
The bolt of electricity hits you!
You die...

, , , , ,
≈≈≈.≈..........
, *
≈≈..........
.., *,, ≈
≈≈≈≈≈......#...
,* , , ,
≈...≈≈≈≈...#..
, , ≈≈ ,
≈...≈≈≈.≈...# *
* * ≈ ,
,..≈≈≈.;.....#
* ,
.≈≈.;.;†Y...# *
≈≈≈;..H@#...#*
, , ≈ ,
?.≈≈;.sH....#8
, * *
*.#####......#
, * * ,
####....#### 8,
* **
........#.#* ,
..##...
*###.......#
.....8#...
##....#.#
*.....##...
##.....##
8[..8##...
#...##.#*##>##
#...


You could see 2 hippogriffs, an ice beast, a scorpion and 5 electric eels.

Vanquished Creatures
  Prince Ribbit (D:7)
  Grinder (D:5)
  A hungry ghost (D:7)
  Duvessa (D:6)
  2 orc warriors
  A sky beast (D:7)
  An ogre (D:4)
  4 bullfrogs
  Dowan (D:6)
  2 scorpions
  4 crimson imps
  A howler monkey (D:7)
  A bullfrog zombie (D:5)
  A hound (D:4)
  A gnoll shaman (D:6)
  2 jellies
  5 orc priests
  5 orc wizards
  2 bullfrog skeletons
  An iguana (D:8)
  6 worker ants
  Natasha (twice) (D:3)
  A hound skeleton (D:5)
  A worker ant zombie (D:6)
  Robin (D:3)
  8 gnolls
  5 adders
  2 shadow imps (D:7)
  An ooze (D:7)
  An adder skeleton (D:6)
  2 worms
  6 dart slugs
  24 orcs
  4 bats
  8 giant cockroaches
  17 goblins
  3 hobgoblins
  13 jackals
  3 kobolds
  3 quokkas
  3 ball pythons
  5 frilled lizards
  A jackal skeleton (D:4)
  2 quokka skeletons
  A quokka zombie (D:6)
  2 rats
163 creatures vanquished.

Vanquished Creatures (others)
  An ufetubus (D:8)
  An orc (D:5)
  A quokka (D:5)
3 creatures vanquished.

Grand Total: 166 creatures vanquished

Notes
Turn   | Place    | Note
-------+----------+-------------------------------------------
     0 | D:1      | EnegeticOcto the Deep Dwarf Fighter began the quest for the
                  | Orb.
     0 | D:1      | Reached XP level 1. HP: 20/20 MP: 1/1
    63 | D:1      | Reached XP level 2. HP: 25/27 MP: 2/2
   258 | D:2      | Reached XP level 3. HP: 23/34 MP: 3/3
   293 | D:3      | Reached skill level 3 in Axes
   295 | D:3      | HP: 1/34 [gnoll/+0 spear (5)]
   301 | D:3      | Reached XP level 4. HP: 35/42 MP: 4/4
   534 | D:3      | Identified the +1 helmet "Gedaodeti" {+Inv rC- Dex+10 SInv}
   534 | D:3      | Noticed Robin
   541 | D:3      | Reached XP level 5. HP: 48/50 MP: 5/5
   546 | D:3      | Reached skill level 4 in Axes
   567 | D:3      | Killed Robin
   660 | D:3      | Noticed Natasha
   669 | D:3      | Killed Natasha
   707 | D:3      | Noticed Natasha
   719 | D:3      | Killed Natasha
   809 | D:4      | Reached XP level 6. HP: 43/57 MP: 5/5
   925 | D:4      | Reached skill level 1 in Dodging
  1064 | D:4      | Reached skill level 5 in Axes
  1405 | D:5      | Entered Level 5 of the Dungeon
  1414 | D:5      | Found a white marble altar of Elyvilon.
  1414 | D:5      | Found a basalt altar of Yredelemnul.
  1424 | D:5      | Found an ornate altar of the Wu Jian Council.
  1425 | D:5      | Found a hide-covered altar of Uskayaw.
  1439 | D:5      | Found a bloodstained altar of Trog.
  1443 | D:5      | Reached XP level 7. HP: 55/66 MP: 6/6
  1444 | D:5      | Found a shimmering blue altar of Sif Muna.
  1445 | D:5      | Found a sparkling altar of Nemelex Xobeh.
  1446 | D:5      | Noticed Grinder
  1468 | D:5      | Paralysed by Grinder for 3 turns
  1478 | D:5      | Killed Grinder
  1545 | D:5      | Reached skill level 5 in Fighting
  1569 | D:5      | Found a white marble altar of Elyvilon.
  1685 | D:5      | Reached skill level 5 in Armour
  1702 | D:5      | Reached skill level 5 in Shields
  1971 | D:6      | Reached skill level 6 in Axes
  1971 | D:6      | Reached XP level 8. HP: 58/74 MP: 5/5
  2146 | D:6      | Noticed Duvessa
  2146 | D:6      | Noticed Dowan
  2159 | D:6      | Killed Dowan
  2177 | D:6      | Killed Duvessa
  2310 | D:6      | Reached skill level 7 in Axes
  2431 | D:7      | Noticed Prince Ribbit
  2462 | D:7      | Gained mutation: You passively map the area around you.
                  | [Deep Dwarf growth]
  2462 | D:7      | Reached XP level 9. HP: 59/85 MP: 5/5
  2469 | D:7      | Killed Prince Ribbit
  2727 | D:7      | Found a sparkling altar of Nemelex Xobeh.
  2801 | D:7      | Found a staircase to the Ecumenical Temple.
  2976 | Temple   | Entered the Ecumenical Temple
  2995 | Temple   | Became a worshipper of Makhleb the Destroyer
  3086 | D:8      | Reached skill level 1 in Invocations
  3088 | D:8      | HP: 4/85 [electric eel/bolt of electricity (10)]
  3089 | D:8      | Killed from afar by an electric eel

Levels and vault maps discovered:
D:1:      wander_arrival_lonely_grave, layout_basic, serial_bayou_pond_c
D:2:      layout_rooms, uniq_terence
D:3:      layout_loops_ring, minmay_checkerbox, uniq_crazy_yiuf_cottage,
          uniq_natasha, uniq_robin
D:4:      minmay_evil_eye, layout_loops_ring
D:5:      layout_basic, grunt_temple_overflow_open,
          gammafunk_temple_overflow_statue, first_ration, serial_curves,
          eino_curves_04, eino_curves_03, elyvilon_altar_4, uniq_grinder
D:6:      layout_rooms, uniq_duvessa
D:7:      layout_cave_pools, minmay_temple_entry_poolview,
          nemelex_spade_bored_becter, uniq_prince_ribbit1
D:8:      layout_cave_pools, tso_metal_star, nicolae_overflow_hidden_temple,
          grunt_lair_entry_orc_guard_hut, serial_ice, serial_ice_j,
          serial_ice_f, serial_ice_b, serial_ice_e
Temple:   cyrus_circular_temple

Skill      XL: |  1  2  3  4  5  6  7  8  9 |
---------------+----------------------------+-----
Fighting       | 3 4 5 6 |  6.8
Axes           | 3 4 5 6 7 |  7.9
Armour         | 4 5 6 |  6.2
Shields        | 4 5 6 |  6.2
Dodging        | 1 2 4 |  4.4
Invocations    | 1 |  1.0

Action                   |  1- 3 |  4- 6 |  7- 9 || total
-------------------------+-------+-------+-------++-------
Melee: War axe           |    83 |   182 |   276 ||   541
 Abil: Heal Wounds       |     1 |     3 |    18 ||    22
  Use: Scroll            |       |     1 |     4 ||     5
  Eat: Chunk             |       |     2 |    13 ||    15
Armor: Scale mail        |    44 |    19 |       ||    63
       Chain mail        |       |    93 |   224 ||   317
Dodge: Dodged            |    38 |    59 |   154 ||   251
Block: Kite shield       |    64 |   123 |   270 ||   457

Table legend:
 A = Non-vault XP
 B = Vault XP
 C = Vault XP percentage of total XP
 D = Non-vault monster count
 E = Vault monster count
 F = Vault count percentage of total count
                 A         B        C        D         E       F
            +---------+---------+-------+---------+---------+-------
      Total |    2794 |     870 |  23.7 |     142 |      21 |  12.9
            +---------+---------+-------+---------+---------+-------
        D:1 |      28 |       0 |   0.0 |      14 |       0 |   0.0
        D:2 |      21 |       0 |   0.0 |       8 |       0 |   0.0
        D:3 |     238 |      72 |  23.2 |      30 |      14 |  31.8
        D:4 |     318 |      38 |  10.7 |      14 |       3 |  17.6
        D:5 |     353 |     272 |  43.5 |      20 |       1 |   4.8
        D:6 |     815 |     211 |  20.6 |      26 |       2 |   7.1
        D:7 |     861 |     277 |  24.3 |      27 |       1 |   3.6
        D:8 |     160 |       0 |   0.0 |       3 |       0 |   0.0
            +---------+---------+-------+---------+---------+-------
